 Dungeon Crawl Stone Soup version 0.23.2-1-ga50397a6bc (webtiles) character file.

Game seed: 2919439643990777702

8509 Peloso the Protected (level 11, -3/95 HPs)
             Began as a Minotaur Fighter on Apr 30, 2019.
             Was a High Priest of Okawaru.
             Killed from afar by a starcursed mass (11 damage)
             ... with an accursed screaming
             ... on level 1 of the Abyss.
             The game lasted 00:19:51 (9309 turns).

Peloso the Protected (Minotaur Fighter)             Turns: 9309, Time: 00:19:51

Health: -3/95      AC: 22    Str: 23    XL:     11   Next: 10%
Magic:  10/10      EV:  8    Int:  5    God:    Okawaru [*****.]
Gold:   618        SH: 12    Dex: 11    Spells: 10/10 levels left

rFire    x . .     SeeInvis +   a - +0 scimitar (flame)
rCold    + . .     Gourm    .   c - +0 shield
rNeg     . . .     Faith    .   F - +0 plate armour
rPois    .         Spirit   .   E - +1 hat of Yruboxim {rF- rCorr SInv}
rElec    .         Reflect  .   y - +0 cloak
rCorr    +         Harm     .   m - +2 pair of gloves
MR       +....                  (no boots)
Stlth    ..........             (no amulet)
HPRegen  0.25/turn              w - ring of protection from magic
MPRegen  0.12/turn              n - ring of protection from cold

@: very slightly contaminated, studying Armour
A: retaliatory headbutt, horns 2
a: Heroism, Finesse, Renounce Religion


You were on level 1 of the Abyss.
You worshipped Okawaru.
Okawaru was extremely pleased with you.
You were near starving.

You visited 2 branches of the dungeon, and saw 10 of its levels.
You visited the Abyss 1 time.

You collected 618 gold pieces.

Inventory:

Hand Weapons
 a - a +0 scimitar of flaming (weapon)
 b - a +0 falchion of electrocution
Missiles
 q - 72 bolts
Armour
 c - a +0 shield (worn)
 m - a +2 pair of gloves (worn)
 y - a +0 cloak (worn)
 D - a +1 scale mail of magic resistance
 E - the +1 hat of Yruboxim (worn) {rF- rCorr SInv}
   (You found it on level 8 of the Dungeon)

   It makes you vulnerable to fire.
   It lets you see invisible.
   It provides partial protection from all sources of acid and corrosion.
 F - a +0 plate armour (worn)
Jewellery
 i - an uncursed ring of flight
 n - a ring of protection from cold (right hand)
 w - a ring of protection from magic (left hand)
Wands
 t - a wand of flame (27)
 G - a wand of random effects (18)
Scrolls
 e - 2 scrolls of enchant weapon {unknown}
 g - 4 scrolls of enchant armour
 k - a scroll of blinking
 o - a scroll of immolation {unknown}
 r - 3 scrolls of amnesia
 s - 3 scrolls of holy word {unknown}
 u - 2 scrolls of fear {unknown}
 v - 10 scrolls of teleportation {unknown}
 A - 3 scrolls of magic mapping
 B - 6 scrolls of remove curse {unknown}
Potions
 d - 2 potions of might
 h - 7 potions of haste
 l - 2 potions of magic
 p - a potion of berserk rage
 x - 2 potions of brilliance
 z - 2 potions of heal wounds
 C - 2 potions of curing
 H - a potion of cancellation
 J - a potion of invisibility {unknown}
 K - a potion of degeneration {unknown}
Books
 j - a manual of Armour
Miscellaneous
 I - a sack of spiders
Comestibles
 f - 17 rations


   Skills:
 + Level 8.5 Fighting
 + Level 11.3 Long Blades
 + Level 13.0 Armour
 + Level 4.1 Dodging
 + Level 1.5 Stealth
 + Level 11.2 Shields
 + Level 0.4 Invocations


You had 10 spell levels left.
You didn't know any spells.
Your spell library contained the following spells:

 Spells                   Type           Power        Failure   Level  Hunger
 Beastly Appendage        Tmut           #.....       100%        1    ##.....
 Magic Dart               Conj           #...         100%        1    ##.....
 Blink                    Tloc           N/A          100%        2    ###....
 Call Imp                 Summ           #.......     100%        2    ###....
 Slow                     Hex            #.......     100%        2    ###....
 Sticks to Snakes         Tmut           #.......     100%        2    ###....
 Conjure Flame            Conj/Fire      #.......     100%        3    ####...
 Mephitic Cloud           Conj/Pois/Air  #.......     100%        3    ####...
 Spider Form              Tmut/Pois      #.........   100%        3    ####...
 Ice Form                 Ice/Tmut       #.......     100%        4    #####..
 Blade Hands              Tmut           #.........   100%        5    ######.


Dungeon Overview and Level Annotations

Branches:
Dungeon (9/15)             Temple (1/1) D:7            Lair (0/6) D:9
    Orc (0/2) D:9

Altars:
Ashenzari
Dithmenos
Elyvilon
Fedhas
Hepliaklqana
Makhleb
Okawaru
Sif Muna
Vehumet
Wu Jian
Xom
Yredelemnul


Innate Abilities, Weirdness & Mutations

You reflexively headbutt those who attack you in melee.
You have a pair of horns on your head.


Message History

Press: ? - help, Dir - move target cursor You are very lightly contaminated with residual magic.
As you read the scroll of blinking, it crumbles to dust.
A starcursed mass comes into view.
A starcursed mass splits.
Found a longbow.
A starcursed mass splits.
A starcursed mass splits.
The hellion gestures at you.
The sphere of damnation explodes!
The damnation engulfs you!! The hellion gestures at you.
The sphere of damnation explodes!
The damnation engulfs you!!
* * * LOW HITPOINT WARNING * * *
You hear an angry hiss.
A starcursed mass splits. x2
A deafening chorus of shrieks assaults your mind!
* * * LOW HITPOINT WARNING * * *
A starcursed mass splits.
A deafening chorus of shrieks assaults your mind!
You die... #. #X#....# #.#.X###.. . #..
XX#

.. . #####.##..
.# # #X.#.##.#
#.#.X#.#..
#....#..#
......#.#.##..#
###.#.#.@...#
#. #.ยง.##.##
......... .#
.###...... #
##..###. ### ##


You could see 5 starcursed masses.

Vanquished Creatures
  Erica (D:8)
  3 wizards (D:8)
  Maurice (D:8)
  The ghost of KinonikoII the Poker, a novice DsCK of Xom (D:5)
  2 trolls (D:9)
  2 hippogriffs
  A wyvern (D:9)
  4 yaks (D:9)
  A hungry ghost (D:7)
  A soldier ant (D:6)
  6 ice beasts
  2 sky beasts
  A hornet zombie (D:9)
  3 orc warriors
  2 centaurs
  An ogre (D:9)
  8 bullfrogs
  2 big kobolds
  A water moccasin zombie (D:6)
  2 scorpions
  A water moccasin skeleton (D:9)
  6 killer bees (D:7)
  A howler monkey (D:9)
  4 crimson imps
  2 quasits (D:8)
  10 orc wizards
  Crazy Yiuf (D:3)
  A centaur zombie (D:9)
  5 orc priests
  A gnoll shaman (D:6)
  A bullfrog skeleton (D:7)
  Jessica (D:3)
  4 iguanas
  Ijyb (D:2)
  7 worker ants
  2 killer bee zombies (D:9)
  2 hound zombies
  2 hound skeletons
  10 adders
  7 gnolls
  4 shadow imps
  An ooze (D:2)
  An adder zombie (D:5)
  An adder skeleton (D:6)
  A worm (D:4)
  2 dart slugs
  2 leopard geckos
  36 orcs
  8 bats
  8 giant cockroaches
  4 goblins
  4 hobgoblins (D:1)
  13 jackals
  17 kobolds
  2 quokkas
  A ball python (D:3)
  4 frilled lizards
  A jackal skeleton (D:7)
  A leopard gecko zombie (D:4)
  A quokka zombie (D:6)
  6 rats
232 creatures vanquished.

Vanquished Creatures (others)
  A fungus (D:5)
  2 plants (D:5)
3 creatures vanquished.

Grand Total: 235 creatures vanquished

Notes
Turn   | Place    | Note
-------+----------+-------------------------------------------
     0 | D:1      | Peloso the Minotaur Fighter began the quest for the Orb.
     0 | D:1      | Reached XP level 1. HP: 19/19 MP: 0/0
   125 | D:1      | Reached XP level 2. HP: 26/27 MP: 1/1
   286 | D:1      | Reached skill level 4 in Armour
   626 | D:2      | Reached XP level 3. HP: 29/33 MP: 2/2
   640 | D:2      | Found a white marble altar of Elyvilon.
   640 | D:2      | Found a shadowy altar of Dithmenos.
  1012 | D:2      | Reached XP level 4. HP: 39/40 MP: 3/3
  1189 | D:2      | Found a deep blue altar of Sif Muna.
  1550 | D:3      | Noticed Ijyb
  1650 | D:2      | Killed Ijyb
  1706 | D:3      | Reached XP level 5. HP: 43/47 MP: 4/4
  1756 | D:3      | Noticed Jessica
  1764 | D:3      | Killed Jessica
  1764 | D:3      | Reached skill level 1 in Dodging
  1874 | D:3      | Found a basalt altar of Yredelemnul.
  1954 | D:3      | Found a runed translucent door.
  1955 | D:3      | Noticed Crazy Yiuf
  2123 | D:3      | Reached skill level 5 in Shields
  2411 | D:3      | Killed Crazy Yiuf
  2411 | D:3      | Reached skill level 5 in Armour
  2630 | D:4      | Reached XP level 6. HP: 50/53 MP: 5/5
  3199 | D:5      | Entered Level 5 of the Dungeon
  3263 | D:5      | Reached skill level 5 in Long Blades
  3508 | D:5      | Noticed a hippogriff
  3514 | D:5      | Killed a hippogriff
  3514 | D:5      | Reached XP level 7. HP: 26/60 MP: 6/6
  4122 | D:5      | Reached skill level 6 in Armour
  4183 | D:5      | Reached skill level 5 in Fighting
  4344 | D:5      | Found a runed translucent gate.
  4345 | D:5      | Found a runed translucent gate.
  4348 | D:5      | Found a runed translucent gate.
  4351 | D:5      | Reached XP level 8. HP: 68/68 MP: 7/7
  4355 | D:5      | Noticed KinonikoII's ghost (novice DsCK)
  4360 | D:5      | Identified the +6 whip "Hyjox" {venom, rElec}
  4789 | D:6      | Reached skill level 7 in Armour
  5296 | D:6      | Reached skill level 8 in Armour
  5701 | D:6      | Reached XP level 9. HP: 67/74 MP: 8/8
  5982 | D:7      | Reached skill level 9 in Armour
  6305 | D:7      | Found a staircase to the Ecumenical Temple.
  6323 | Temple   | Entered the Ecumenical Temple
  6341 | Temple   | Became a worshipper of Warmaster Okawaru
  6488 | D:7      | Reached skill level 10 in Armour
  6707 | D:7      | Reached * piety under Okawaru
  6905 | D:8      | Noticed a wizard
  6909 | D:8      | Noticed a wizard
  6909 | D:8      | Noticed a wizard
  6922 | D:8      | Killed a wizard
  6935 | D:8      | Killed a wizard
  6935 | D:8      | Reached ** piety under Okawaru
  6935 | D:8      | Reached skill level 10 in Long Blades
  6935 | D:8      | Reached skill level 11 in Armour
  6935 | D:8      | Reached XP level 10. HP: 47/86 MP: 6/9
  6946 | D:8      | Killed a wizard
  6946 | D:8      | Reached skill level 10 in Shields
  6988 | D:8      | Reached *** piety under Okawaru
  7112 | D:8      | Got a transparent hat
  7118 | D:8      | Identified the +1 hat of Yruboxim {rF- rCorr SInv} (You
                  | found it on level 8 of the Dungeon)
  7339 | D:8      | Noticed Erica
  7349 | D:8      | Killed Erica
  7349 | D:8      | Reached skill level 12 in Armour
  7697 | D:8      | Noticed Maurice
  7715 | D:8      | Killed Maurice
  8002 | D:9      | Found a staircase to the Orcish Mines.
  8142 | D:9      | Found a staircase to the Lair.
  8221 | D:9      | Reached **** piety under Okawaru
  8570 | D:9      | Reached skill level 1 in Stealth
  8673 | D:9      | Reached XP level 11. HP: 94/94 MP: 10/10
  8682 | D:9      | Reached ***** piety under Okawaru
  9252 | D:5      | Killed KinonikoII's ghost
  9252 | D:5      | Reached skill level 13 in Armour
  9254 | D:5      | Cast into level 1 of the Abyss (big kobold)
  9270 | Abyss:1  | Found a corrupted altar of Lugonu.
  9300 | Abyss:1  | Noticed a starcursed mass
  9309 | Abyss:1  | Killed from afar by a starcursed mass

Skill      XL: |  1  2  3  4  5  6  7  8  9 10 11 |
---------------+----------------------------------+-----
Shields        | 4 5 6 8 9 11 | 11.2
Armour         | 4 5 6 8 11 12 13 | 13.0
Fighting       | 4 5 7 8 |  8.5
Long Blades    | 3 4 5 6 8 10 11 | 11.3
Dodging        | 1 2 3 4 |  4.1
Stealth        | 1 |  1.5
Invocations    | |  0.4

Action                   |  1- 3 |  4- 6 |  7- 9 | 10-12 || total
-------------------------+-------+-------+-------+-------++-------
Melee: Long sword        |    97 |   123 |    76 |       ||   296
       Headbutt          |    14 |    29 |    66 |    37 ||   146
       Falchion          |       |       |   269 |    34 ||   303
       Scimitar          |       |       |       |   145 ||   145
Invok: Heroism           |       |       |     1 |     2 ||     3
Evoke: Wand              |       |       |       |     1 ||     1
  Use: Scroll            |       |       |    12 |     1 ||    13
       Potion            |       |       |     1 |     1 ||     2
  Eat: Ration            |       |     2 |       |       ||     2
       Chunk             |       |     2 |    13 |     6 ||    21
Armor: Scale mail        |    53 |    42 |    47 |       ||   142
       Plate armour      |       |       |   113 |    87 ||   200
Dodge: Dodged            |    35 |    39 |    79 |    56 ||   209
Block: Shield            |    49 |    67 |   219 |   106 ||   441
       Rpst.: Long sword |    10 |    12 |     6 |       ||    28
       Falchion          |       |       |    19 |     3 ||    22
       Scimitar          |       |       |       |    12 ||    12
